 Dungeon Crawl Stone Soup version 0.32-a0-837-g8d3e27d251 (webtiles) character file.

Game seed: 1657675583624085820

531 Essalna the Digger (level 7, -1/52 HPs)
             Began as a Demonspawn Earth Elementalist on Mar 26, 2024.
             Frozen to death by an endoplasm (5 damage)
             ... in a sewer.
             The game lasted 00:04:59 (2644 turns).

Essalna the Digger (Demonspawn Earth Elementalist)  Turns: 2644, Time: 00:05:00

Health: -1/52      AC:  8    Str:  8    XL:     7   Next: 3%
Magic:  21/21      EV: 31    Int: 17    God:
Gold:   125        SH:  4    Dex: 14    Spells: 9/13 levels left

rFire   . . .        f - staff of earth
rCold   . . .        (no shield)
rNeg    . . .        a - +0 robe
rPois   .            (no helmet)
rElec   .            (no cloak)
rCorr   .            (no gloves)
SInv    .            (no boots)
Will    .....        n - amulet of the acrobat
Stlth   +++          d - ring of magical power
HPRegen 0.28/turn    i - +5 ring of evasion
MPRegen 0.17/turn

%: acrobat
@: acrobatic, wreathed by umbra
A: slimy green scales 1, icemail 1, condensation shield, weakness stinger 1,
foul shadow 1
a: no special abilities


You were in a sewer.
You visited 1 branch of the dungeon, and saw 4 of its levels.
You also visited: Sewer.

You collected 125 gold pieces.

Inventory:

Hand Weapons
 c - a +3 dagger of venom
Armour
 a - a +0 robe (worn)
 o - +0 ice dragon scales
Magical Staves
 f - a staff of earth (weapon)
Jewellery
 d - a ring of magical power (left hand)
 i - a +5 ring of evasion (right hand)
 n - an amulet of the acrobat (around neck)
Scrolls
 j - a scroll of teleportation
 l - a scroll of identify
 m - a scroll of torment
Potions
 b - 2 potions of magic
 e - 3 potions of curing {unknown}
 h - a potion of attraction {unknown}


   Skills:
 + Level 3.3 Fighting
 - Level 1.7 Dodging
 - Level 1.7 Stealth
 + Level 3.9 Spellcasting
 + Level 3.7 Conjurations
 + Level 4.3 Earth Magic


You had 9 spell levels left.
You knew the following spells:

 Your Spells              Type           Power      Damage    Failure   Level
a - Sandblast             Erth           54%        2d13      2%          1
b - Stone Arrow           Conj/Erth      50%        3d10      10%         3

Your spell library contained the following spells:

 Spells                   Type           Power      Damage    Failure   Level
 Passwall                 Erth           27%        N/A       9%          3
 Brom's Barrelling Bould  Conj/Erth      25%        2d5       30%         4
 Summon Ice Beast         Ice/Summ       3%         N/A       43%         3
 Petrify                  Alch/Erth      16%        N/A       54%         4
 Summon Mana Viper        Hex/Summ       3%         N/A       99%         5
 Monstrous Menagerie      Summ           1%         N/A       100%        7


Dungeon Overview and Level Annotations

Branches:
Dungeon (4/15)              Sewer (1/1)
 Temple: D:4-7

Altars:


Innate Abilities, Weirdness & Mutations

You are partially covered in slimy green scales. (AC +2)
A meltable icy envelope protects you from harm. (AC +4)
A meltable shield of frost defends you. (SH +4)
You have a small tail.
You are faintly shadowed, very rarely releasing foul flame when damaged in melee.


Message History

* * * LOW HITPOINT WARNING * * *
The dart slug launches a dart at you. The slug dart hits you.
* * * LOW HITPOINT WARNING * * *
The endoplasm closely misses you. The dart slug launches a dart at you.
The slug dart misses you. The endoplasm completely misses you.
The endoplasm freezes you.
You are frozen.
* * * LOW HITPOINT WARNING * * *
The dart slug completely misses you. The endoplasm freezes you.
You are frozen.
* * * LOW HITPOINT WARNING * * *
The dart slug misses you. The endoplasm misses you.
You block the dart slug's attack. The endoplasm completely misses you.
The endoplasm barely misses you. The dart slug launches a dart at you.
The slug dart misses you. The endoplasm misses you.
The dart slug launches a dart at you. The slug dart misses you.
The endoplasm freezes you.
You are frozen.
* * * LOW HITPOINT WARNING * * *
The endoplasm barely misses you. The dart slug closely misses you.
The endoplasm completely misses you. You block the dart slug's attack.
The endoplasm freezes you.
You are frozen.
* * * LOW HITPOINT WARNING * * *
The endoplasm misses you. The dart slug misses you. The endoplasm freezes you.
You are frozen.
* * * LOW HITPOINT WARNING * * *
The dart slug completely misses you. The endoplasm freezes you.
You are frozen.
You die...

~†##..# #~~###~#~~#
~~#..## ##~~.#~#~~#
~~#~.# #~.∩#~#~~# ~~#~.#
#~~~#~#~~# ~.#.~#
#~.##~#~~# ~~#~.# !
#~~#~~#.~# ~~#~~# $$$
#.~#~~#.~# ~†#~.##
.?~.~##..#~.~~~# .†##~~#
~.~~.wJ@.#~†~~~# ~~~#~~##
.~~~~~w###~.~~~#
#.~#~~~##≈~~~~###~#######
#~~##~~~#######~~~~~#
#~~~#~.~~.~~~~~~.~~~#
##~.##~~~~..~.~##~~##
#~~~##~~..~~~##.~##
#.~~~###~~~###~.~#
##~~~~~#####....~#


You could see 2 dart slugs and an endoplasm.

Vanquished Creatures
  Sigmund (D:3)
  A bombardier beetle (D:3)
  Crazy Yiuf (D:2)
  A hound (D:4)
  Ijyb (D:4)
  Terence (D:3)
  Natasha (thrice) (D:3)
  5 adders
  11 dart slugs
  2 ribbon worms
  An orc (D:3)
  11 endoplasms
  5 giant cockroaches
  6 goblins
  3 hobgoblins
  4 quokkas
  14 ball pythons
  7 bats
  6 frilled lizards
  4 kobolds
  3 rats (D:1)
91 creatures vanquished.

Notes
Turn   | Place    | Note
-------+----------+-------------------------------------------
     0 | D:1      | Essalna the Demonspawn Earth Elementalist began the quest
                  | for the Orb.
     0 | D:1      | Reached XP level 1. HP: 13/13 MP: 3/3
    97 | D:1      | Gained mutation: A meltable shield of frost defends you.
                  | (SH +4) [demonic ancestry]
    97 | D:1      | Reached XP level 2. HP: 18/20 MP: 0/5
   558 | D:1      | Reached skill level 3 in Earth Magic
   577 | D:1      | Reached skill level 1 in Fighting
   881 | D:2      | Gained mutation: You have a small tail. [demonic ancestry]
   881 | D:2      | Reached XP level 3. HP: 26/26 MP: 6/6
  1247 | D:2      | Learned a level 3 spell: Stone Arrow
  1446 | D:2      | Found a runed translucent door.
  1447 | D:2      | Noticed Crazy Yiuf
  1453 | D:2      | Killed Crazy Yiuf
  1454 | D:2      | Gained mutation: You are faintly shadowed, very rarely
                  | releasing foul flame when damaged in melee. [demonic
                  | ancestry]
  1454 | D:2      | Reached XP level 4. HP: 33/33 MP: 8/8
  1551 | D:3      | Noticed Natasha
  1551 | D:3      | Noticed Terence
  1557 | D:3      | Killed Natasha
  1558 | D:3      | Gained mutation: A meltable icy envelope protects you from
                  | harm. (AC +4) [demonic ancestry]
  1558 | D:3      | Reached XP level 5. HP: 10/38 MP: 9/9
  1562 | D:3      | Killed Terence
  1767 | D:3      | Noticed Natasha
  1773 | D:3      | Killed Natasha
  1778 | D:3      | Noticed Natasha
  1782 | D:3      | Killed Natasha
  1855 | D:3      | Noticed Sigmund
  1861 | D:3      | Killed Sigmund
  1862 | D:3      | Reached skill level 4 in Earth Magic
  1862 | D:3      | Reached XP level 6. HP: 40/47 MP: 11/11
  2171 | D:4      | Noticed Ijyb
  2177 | D:4      | Killed Ijyb
  2252 | D:4      | Found a glowing drain.
  2258 | Sewer    | Entered a sewer
  2416 | Sewer    | Gained mutation: You are partially covered in slimy green
                  | scales. (AC +2) [demonic ancestry]
  2416 | Sewer    | Reached XP level 7. HP: 49/52 MP: 12/12
  2644 | Sewer    | Frozen to death by an endoplasm

Illustrated notes

Levels and vault maps discovered:
D:1:      tarquinn_simple_flora_water_e, layout_basic
D:2:      layout_rooms, nicolae_underground_beach, uniq_crazy_yiuf_cottage
D:3:      layout_rooms, uniq_natasha, uniq_terence, uniq_sigmund
D:4:      layout_cave_pools, gup_sewer_entry_bowl, st_stairs_13,
          minmay_misc_feat_secret_circle, minmay_fractal_squares_diagonal_5,
          uniq_ijyb, uniq_menkaure, uniq_duvessa
Sewer:    sewer_frog_island_02

Skill      XL: |  1  2  3  4  5 |
---------------+----------------+-----
Earth Magic    | 3 4 |  4.3
Fighting       | 1 2 3 |  3.3
Conjurations   | 2 3 |  3.7
Spellcasting   | 3 |  3.9
Dodging        | |  1.7
Stealth        | |  1.7

Action                     |  1- 3 |  4- 6 |  7- 9 || total
---------------------------+-------+-------+-------++-------
  Melee: Unarmed           |     5 |       |       ||     5
         Dagger            |    20 |       |       ||    20
         Staff             |     2 |       |     5 ||     7
         Tailslap          |     1 |       |     3 ||     4
   Cast: Sandblast         |    47 |    57 |    11 ||   115
         Stone Arrow       |       |     3 |       ||     3
    Use: Scroll            |       |     4 |       ||     4
   Stab: Sleeping          |     2 |       |     1 ||     3
 Armour: Robe              |    31 |    12 |     3 ||    46
  Dodge: Dodged            |    35 |    22 |    80 ||   137
  Block: Other             |    10 |     1 |     6 ||    17

Table legend: (Time is in decaauts)
 A = Elapsed time spent in this place.
 B = Non-inter-level travel time spent in this place.
 C = Inter-level travel time spent in this place.
 D = Time resting spent in this place.
 E = Time spent auto-exploring this place.
 F = Levels seen in this place.
 G = Mean time per level.
                   A        B        C        D        E       F      G
               +--------+--------+--------+--------+--------+-----+--------+
         Total |   2755 |   2642 |    113 |      0 |   1980 |   5 |  551.0 |
       Dungeon |   2302 |   2189 |    113 |      0 |   1730 |   4 |  575.5 |
         Sewer |    453 |    453 |      0 |      0 |    249 |   1 |  453.0 |
               +--------+--------+--------+--------+--------+-----+--------+

Top non-repeatable levels by time:
     D:1: 847 daAuts
     D:2: 682 daAuts
     D:3: 674 daAuts
   Sewer: 453 daAuts
     D:4: 96 daAuts
